 Dungeon Crawl Stone Soup version 0.27.1-3-gb3d3a73c9e (webtiles) character file.

Game seed: 17540791650656545489

2560 Crownlay the Severer (level 9, -9/71 HPs)
             Began as a Hill Orc Fighter on Oct 19, 2021.
             Splashed by an acid dragon's acid (11 damage)
             ... on level 7 of the Dungeon.
             The game lasted 00:16:42 (8146 turns).

Crownlay the Severer (Hill Orc Fighter)             Turns: 8146, Time: 00:16:43

Health: -9/71      AC: 13    Str: 22    XL:     9   Next: 56%
Magic:  9/9        EV:  9    Int:  8    God:
Gold:   382        SH:  0    Dex: 10    Spells: 8/8 levels left

rFire    . . .     SeeInvis +   a - +0 war axe
rCold    . . .     Faith    .   (no shield)
rNeg     . . .     Spirit   .   b - +0 scale mail
rPois    .         Reflect  .   p - +1 hat
rElec    .         Harm     .   x - +0 cloak
rCorr    .         Rampage  .   r - +0 pair of gloves
Will     .....                  t - +2 pair of boots
Stlth    ..........             (no amulet)
HPRegen  0.21/turn              y - ring of see invisible
MPRegen  0.11/turn              (no ring)

@: no status effects
A: no striking features
a: no special abilities


You were on level 7 of the Dungeon.
You visited 2 branches of the dungeon, and saw 8 of its levels.
You also visited: Sewer.

You collected 382 gold pieces.

Inventory:

Hand Weapons
 a - a +0 war axe (weapon)
 C - a +2 vorpal broad axe
Missiles
 m - 5 javelins (quivered)
 z - 2 throwing nets
Armour
 b - a +0 scale mail (worn)
 c - a +0 kite shield
 p - a +1 hat (worn)
 r - a +0 pair of gloves (worn)
 t - a +2 pair of boots (worn)
 x - a +0 cloak (worn)
Jewellery
 y - a ring of see invisible (left hand)
 D - an amulet of the acrobat
Wands
 s - a wand of mindburst (19)
 w - a wand of paralysis (7)
 B - a wand of iceblast (6)
 E - a wand of digging (1)
Scrolls
 d - 2 scrolls of enchant armour
 i - a scroll of acquirement
 j - a scroll of immolation
 l - 2 scrolls of magic mapping {unknown}
 n - a scroll of vulnerability {unknown}
 u - 2 scrolls of blinking
 F - a scroll of teleportation {unknown}
 G - a scroll of identify
Potions
 e - 2 potions of curing
 f - a potion of brilliance {unknown}
 g - 4 potions of flight
 h - a potion of mutation {unknown}
 k - a potion of lignification {unknown}
 o - a potion of cancellation {unknown}
 q - a potion of berserk rage {unknown}
 v - a potion of magic {unknown}


   Skills:
 - Level 3.8 Fighting
 + Level 15.5 Axes
 - Level 3.4 Armour
 - Level 3.4 Shields


You had 8 spell levels left.
You didn't know any spells.
Your spell library contained the following spells:

 Spells                   Type           Power      Damage    Failure   Level
 Corpse Rot               Necr/Air       N/A        N/A       86%         2
 Slow                     Hex            0%         N/A       86%         2
 Confusing Touch          Hex            0%         N/A       97%         3
 Dispel Undead            Necr           0%         3d6       100%        4
 Yara's Violent Unravell  Hex/Tmut       0%         3d3       100%        5
 Death Channel            Necr           0%         N/A       100%        6


Dungeon Overview and Level Annotations

Branches:
Dungeon (7/15)             Temple (1/1) D:5           Sewer (visited)

Altars:
Fedhas
Makhleb
Okawaru
Sif Muna
Vehumet
Wu Jian
Zin
The Shining One


Message History

* * * LOW HITPOINT WARNING * * *
You hit the acid dragon.
The acid dragon is heavily wounded.
You barely miss the acid dragon.
The acid dragon is heavily wounded.
The acid dragon bites you but does no damage.
The acid dragon claws you but does no damage.
You closely miss the acid dragon.
The acid dragon is heavily wounded.
The acid dragon bites you.
* * * LOW HITPOINT WARNING * * *
The acid dragon claws you but does no damage.
You hit the acid dragon.
The acid dragon is severely wounded.
The acid dragon bites you but does no damage.
The acid dragon claws you but does no damage.
You hit the acid dragon.
The acid dragon is severely wounded.
You hit the acid dragon.
The acid dragon is almost dead.
The acid dragon bites you but does no damage.
The acid dragon barely misses you.
You barely miss the acid dragon.
The acid dragon is almost dead.
The acid dragon bites you!
* * * LOW HITPOINT WARNING * * *
The acid dragon barely misses you.
You barely miss the acid dragon.
The acid dragon is almost dead.
You hit the acid dragon.
The acid dragon is almost dead.
You are no longer corroded.
The acid dragon closely misses you. x2
You barely miss the acid dragon.
The acid dragon is almost dead.
The acid dragon spits acid at you. The splash of acid hits you.
* * * LOW HITPOINT WARNING * * *
You are splashed with acid!
You die...

########..#
###.....##..
#...........
......#.##.###
.............
#.#.....##.##
......))....#
......))###.# #
.......@# #.#.#
.......D###.#.####.
............)......
###.##..###.#......
...#.... #.######.
### #...# #.# ....#
#.# ###..# #.# #.#


You could see an acid dragon (catching breath).

Vanquished Creatures
  Pikel (D:4)
  Maggie (D:6)
  Grinder (D:4)
  Edmund (D:6)
  Duvessa (D:4)
  A sky beast (D:5)
  An ice beast (D:5)
  A necrophage (D:5)
  A centaur (D:7)
  Blork the orc (D:4)
  A kobold brigand (Sewer)
  A scorpion (D:4)
  Dowan (D:4)
  A bullfrog zombie (D:6)
  2 hounds
  A jelly (D:5)
  2 orc priests
  A gnoll shaman (D:5)
  Crazy Yiuf (D:6)
  Terence (D:3)
  3 iguanas
  Natasha (thrice) (D:3)
  3 orc wizards
  A killer bee zombie (D:7)
  A hound skeleton (D:4)
  2 howler monkey zombies
  4 gnolls
  9 adders
  4 river rats (Sewer)
  An ufetubus (D:5)
  7 worms
  6 dart slugs
  15 orcs
  7 endoplasms
  7 giant cockroaches
  4 hobgoblins
  4 jackals
  6 quokkas
  9 ball pythons
  4 bats (D:1)
  2 frilled lizards (D:3)
  5 goblins
  9 kobolds
  4 rats
142 creatures vanquished.

Notes
Turn   | Place    | Note
-------+----------+-------------------------------------------
     0 | D:1      | Crownlay the Hill Orc Fighter began the quest for the Orb.
     0 | D:1      | Reached XP level 1. HP: 19/19 MP: 1/1
   272 | D:1      | Reached skill level 3 in Axes
   272 | D:1      | Reached XP level 2. HP: 27/27 MP: 2/2
   604 | D:1      | Reached skill level 4 in Axes
   604 | D:1      | Reached XP level 3. HP: 31/33 MP: 3/3
   884 | D:1      | Found a faded altar of an unknown god.
  1591 | D:2      | Reached skill level 5 in Axes
  1615 | D:2      | Reached XP level 4. HP: 18/40 MP: 4/4
  2510 | D:3      | Noticed Terence
  2516 | D:3      | Killed Terence
  2517 | D:3      | Reached skill level 6 in Axes
  2517 | D:3      | Reached XP level 5. HP: 41/46 MP: 5/5
  2729 | D:3      | Noticed Natasha
  2752 | D:3      | Killed Natasha
  3138 | D:3      | Noticed Natasha
  3145 | D:3      | Killed Natasha
  3146 | D:3      | Reached skill level 7 in Axes
  3572 | D:3      | Noticed Natasha
  3581 | D:3      | Killed Natasha
  3720 | D:3      | Identified a scroll of acquirement
  3742 | D:4      | Found a glowing silver altar of Zin.
  3756 | D:4      | Reached XP level 6. HP: 45/52 MP: 6/6
  3776 | D:4      | Reached skill level 8 in Axes
  4276 | D:4      | Noticed Duvessa
  4276 | D:4      | Noticed Dowan
  4292 | D:4      | Killed Duvessa
  4293 | D:4      | Reached skill level 9 in Axes
  4293 | D:4      | Reached XP level 7. HP: 36/58 MP: 7/7
  4301 | D:4      | Killed Dowan
  4413 | D:4      | Noticed Pikel
  4587 | D:4      | Killed Pikel
  4588 | D:4      | Reached skill level 11 in Axes
  4588 | D:4      | Reached XP level 8. HP: 26/66 MP: 8/8
  4628 | D:4      | Noticed Blork the orc
  4816 | D:4      | Killed Blork the orc
  4923 | D:4      | Reached skill level 12 in Axes
  5254 | D:4      | Noticed Grinder
  5285 | D:4      | Killed Grinder
  5676 | D:5      | Entered Level 5 of the Dungeon
  5726 | D:5      | Reached skill level 13 in Axes
  5963 | D:5      | Found a staircase to the Ecumenical Temple.
  5987 | D:5      | Reached XP level 9. HP: 56/71 MP: 9/9
  5994 | Temple   | Entered the Ecumenical Temple
  6194 | D:5      | Reached skill level 14 in Axes
  6547 | D:6      | Noticed Edmund
  6575 | D:6      | Killed Edmund
  6604 | D:6      | Found a glowing drain.
  6604 | D:6      | Found a blossoming altar of Fedhas.
  6621 | Sewer    | Entered a sewer
  6752 | Sewer    | Found a white marble altar of Elyvilon.
  6944 | D:6      | Found a runed translucent door.
  6945 | D:6      | Noticed Crazy Yiuf
  6994 | D:6      | Found a glowing golden altar of the Shining One.
  7018 | D:6      | Found an ornate altar of the Wu Jian Council.
  7183 | D:6      | Noticed Maggie
  7207 | D:6      | Killed Maggie
  7208 | D:6      | Reached skill level 15 in Axes
  7590 | D:6      | Killed Crazy Yiuf
  8146 | D:7      | HP: 2/71 [acid dragon/splash of acid (6)]
  8146 | D:7      | Splashed by an acid dragon's acid

Illustrated notes

Levels and vault maps discovered:
D:1:      ebering_trefoil_twist, layout_basic,
          shapermc_ecumenical_altar_hornbeckon, solitary_fountain
D:2:      minmay_general_purpose_star, layout_basic, lemuel_another_geyser
D:3:      layout_loops_corners, minmay_liquid_box, uniq_natasha, uniq_terence
D:4:      layout_rooms, mainiacjoe_overflow_concentric_impassable, uniq_pikel,
          uniq_grinder, uniq_duvessa, uniq_blork_the_orc
D:5:      layout_rooms, minmay_temple_entry_hall, st_stairs_2
D:6:      layout_basic, mainiacjoe_overflow_paths,
          mainiacjoe_overflow_catwalk_spiral, cheibrodos_sewer_entry_drain,
          uniq_maggie, uniq_edmund, uniq_crazy_yiuf_cottage
D:7:      layout_basic
Temple:   regret_index_temple_waves

Skill      XL: |  1  2  3  4  5  6  7  8  9 |
---------------+----------------------------+-----
Axes           | 3 4 5 6 7 9 11 13 15 | 15.5
Fighting       | |  3.8
Armour         | |  3.4
Shields        | |  3.4

Action                   |  1- 3 |  4- 6 |  7- 9 || total
-------------------------+-------+-------+-------++-------
Melee: War axe           |    99 |   147 |   322 ||   568
Throw: Javelin           |       |       |    21 ||    21
  Use: Potion            |       |     1 |     3 ||     4
       Scroll            |       |     2 |     3 ||     5
Armor: Scale mail        |    53 |    44 |   132 ||   229
Dodge: Dodged            |    60 |    50 |   133 ||   243
